[Event "Estonian-ch Open 2020"]
[Site "Paul Kerese Malemaja"]
[Date "2020.08.09"]
[Round "2.5"]
[White "Haitin, Ilja"]
[Black "Shishkov, Andrei"]
[Result "0-1"]
[ECO "D00"]
[WhiteElo "2357"]
[BlackElo "2390"]
[Annotator "RC"]
[PlyCount "92"]
[EventDate "2020.08.09"]
[EventCountry "EST"]
[SourceTitle "playchess.com"]
[Source "ChessBase"]
[SourceQuality "1"]
[TimeControl "40/5400+30:900+30"]

1. d4 d5 2. Bf4 e6 3. e3 c5 4. c3 Nc6 5. Nf3 Nf6 6. Nbd2 Bd6 7. Bg3 O-O 8. Bb5 Be7 9. Bd3 b6 10. Ne5 Bb7 11. Qb1 g6 12. f4 Nh5 13. Ndf3 f6 14. Nxc6 Bxc6 15. Bf2 cxd4 16. cxd4 Bb4+ 17. Ke2 Qe8 18. g4 Ng7 19. Bg3 Bb5 20. Bxb5 Qxb5+ 21. Qd3 Qd7 22. h3 Bd6 23. Kf2 Rac8 24. Rhc1 Rc7 25. Qd2 Rfc8 26. Ng1 Ne8 27. Ne2 f5 28. Bh4 fxg4 29. hxg4 Be7 30. Bxe7 Qxe7 31. g5 Nd6 32. Ng3 h5 33. Rxc7 Qxc7 34. Qb4 a5 35. Qa3 h4 36. Ne2 Ne4+ 37. Kf3 Qh7 38. Qd3 Qh5+ 39. Kg2 Kg7 40. Rg1 Qg4+ 41. Kh2 Qf3 42. Qb5 Rf8 43. f5 Rxf5 44. Nf4 Rxf4 45. exf4 Qxf4+ 46. Kh3 Nxg5+ 0-1

[Event "Estonian-ch Open 2020"]
[Site "Paul Kerese Malemaja"]
[Date "2020.08.10"]
[Round "3.1"]
[White "Shishkov, Andrei"]
[Black "Volodin, Aleksandr"]
[Result "1-0"]
[ECO "E35"]
[WhiteElo "2390"]
[BlackElo "2497"]
[Annotator "ChessBase"]
[PlyCount "95"]
[EventDate "2020.08.09"]
[EventCountry "EST"]
[SourceTitle "playchess.com"]
[Source "ChessBase"]
[SourceQuality "1"]
[TimeControl "40/5400+30:900+30"]

1. d4 Nf6 2. c4 e6 3. Nc3 Bb4 4. Qc2 d5 5. cxd5 exd5 6. Bg5 c5 7. dxc5 h6 8. Bh4 O-O 9. e3 Be6 10. Nf3 Nbd7 11. c6 bxc6 12. Be2 c5 13. O-O Rc8 14. Rfd1 Qa5 15. Nb5 Qb6 16. Rac1 a6 17. Nc3 Qa7 18. Qa4 Ra8 19. Nb1 Nb6 20. Qc2 Nfd7 21. a3 Ba5 22. b4 cxb4 23. Nd4 Rac8 24. Qd2 Nc4 25. Bxc4 dxc4 26. Nxe6 fxe6 27. Qxd7 Qxd7 28. Rxd7 b3 29. Rb7 c3 30. Rxb3 c2 31. Kf1 Rc4 32. Be7 Rfc8 33. Ke2 cxb1=Q 34. Rcxb1 Rc2+ 35. Kf3 Kf7 36. Rb7 Kg6 37. Ra7 R2c6 38. Rbb7 Bc3 39. Bb4 Bf6 40. g4 h5 41. h3 hxg4+ 42. hxg4 Be5 43. Ke4 Bf6 44. f4 Rc4+ 45. Kf3 R4c6 46. g5 Bb2 47. Kg4 Rd8 48. Ba5 1-0

[Event "Estonian-ch Open 2020"]
[Site "Paul Kerese Malemaja"]
[Date "2020.08.10"]
[Round "3.2"]
[White "Seeman, Tarvo"]
[Black "Haitin, Ilja"]
[Result "1-0"]
[ECO "A05"]
[WhiteElo "2415"]
[BlackElo "2357"]
[Annotator "ChessBase"]
[PlyCount "75"]
[EventDate "2020.08.09"]
[EventCountry "EST"]
[SourceTitle "playchess.com"]
[Source "ChessBase"]
[SourceQuality "1"]
[TimeControl "40/5400+30:900+30"]

1. Nf3 Nf6 2. g3 g6 3. Bg2 Bg7 4. O-O O-O 5. d4 d6 6. a4 c6 7. a5 Nbd7 8. Nbd2 Qc7 9. e4 e5 10. dxe5 dxe5 11. Re1 Nc5 12. b4 Ne6 13. Bb2 Nh5 14. Nc4 Rd8 15. Qe2 Nd4 16. Nxd4 exd4 17. e5 Be6 18. Nd6 Rxd6 19. exd6 Qxd6 20. b5 a6 21. bxc6 bxc6 22. Ba3 Qd7 23. Rab1 Nf6 24. Rb6 Nd5 25. Rxa6 Rb8 26. Bc5 h5 27. Ra7 Qd8 28. Qd2 Nc3 29. Rxe6 fxe6 30. Rxg7+ Kxg7 31. Bxd4+ Kf7 32. Bxc3 Rb1+ 33. Bf1 Qd5 34. Qxd5 exd5 35. a6 Rb8 36. a7 Ra8 37. Bd4 Ke6 38. Ba6 1-0

[Event "Estonian-ch Open 2020"]
[Site "Paul Kerese Malemaja"]
[Date "2020.08.10"]
[Round "3.3"]
[White "Chukavin, Kirill"]
[Black "Vorobjov, Pavel"]
[Result "1/2-1/2"]
[ECO "B40"]
[WhiteElo "2348"]
[BlackElo "2269"]
[Annotator "ChessBase"]
[PlyCount "20"]
[EventDate "2020.08.09"]
[EventCountry "EST"]
[SourceTitle "playchess.com"]
[Source "ChessBase"]
[SourceQuality "1"]
[TimeControl "40/5400+30:900+30"]

1. e4 c5 2. Nf3 e6 3. g3 Nc6 4. Bg2 Nf6 5. Nc3 d5 6. exd5 Nxd5 7. Nxd5 Qxd5 8. O-O Be7 9. Qe2 O-O 10. c3 Rd8 1/2-1/2

[Event "Estonian-ch Open 2020"]
[Site "Paul Kerese Malemaja"]
[Date "2020.08.10"]
[Round "3.5"]
[White "Kiik, Kalle"]
[Black "Kulaots, Kaido"]
[Result "0-1"]
[ECO "B30"]
[WhiteElo "2386"]
[BlackElo "2524"]
[Annotator "ChessBase"]
[PlyCount "64"]
[EventDate "2020.08.09"]
[EventCountry "EST"]
[SourceTitle "playchess.com"]
[Source "ChessBase"]
[SourceQuality "1"]
[TimeControl "40/5400+30:900+30"]

1. e4 c5 2. Nf3 Nc6 3. Bb5 e6 4. O-O Nge7 5. b3 a6 6. Bxc6 Nxc6 7. Bb2 b5 8. a4 b4 9. d3 d6 10. d4 cxd4 11. Nxd4 Nxd4 12. Qxd4 a5 13. c4 e5 14. Qd3 Be7 15. f4 O-O 16. f5 g6 17. Nd2 gxf5 18. exf5 Bb7 19. c5 f6 20. Nc4 d5 21. c6 Bxc6 22. Nxe5 fxe5 23. Qg3+ Kh8 24. f6 Bc5+ 25. Kh1 Rf7 26. Bxe5 Qd7 27. Qd3 d4 28. Rf5 Rg8 29. Rg1 Qb7 30. Rf2 Be4 31. Qc4 Ba7 32. Bxd4 Rc8 0-1

[Event "Estonian-ch Open 2020"]
[Site "Paul Kerese Malemaja"]
[Date "2020.08.11"]
[Round "4.3"]
[White "Vorobjov, Pavel"]
[Black "Sepp, Olav"]
[Result "1/2-1/2"]
[ECO "C44"]
[WhiteElo "2269"]
[BlackElo "2410"]
[Annotator "ChessBase"]
[PlyCount "79"]
[EventDate "2020.08.09"]
[EventCountry "EST"]
[SourceTitle "playchess.com"]
[Source "ChessBase"]
[SourceQuality "1"]
[TimeControl "40/5400+30:900+30"]

1. e4 e5 2. Nf3 Nc6 3. d4 exd4 4. Nxd4 Nf6 5. Nc3 Bb4 6. Nxc6 bxc6 7. Bd3 O-O 8. O-O Re8 9. Qf3 Rb8 10. Bg5 Bd6 11. Bxf6 Qxf6 12. Qxf6 gxf6 13. Rab1 Be5 14. Rfd1 d6 15. Na4 c5 16. b3 Bb7 17. f3 a5 18. Bc4 Rbd8 19. Kh1 h5 20. Bb5 Rf8 21. Rf1 Bf4 22. Rbd1 h4 23. g3 hxg3 24. hxg3 Bh6 25. Kg2 Kg7 26. Rfe1 Rh8 27. Bd3 Rdg8 28. Nc3 Kf8 29. Kf2 Bg7 30. Rh1 f5 31. Nb5 Rxh1 32. Rxh1 fxe4 33. Bxe4 d5 34. Bd3 Bc6 35. Re1 Bxb5 36. Bxb5 Bd4+ 37. Kg2 Rg6 38. Re8+ Kg7 39. Re7 c6 40. Bd3 1/2-1/2

[Event "Estonian-ch Open 2020"]
[Site "Paul Kerese Malemaja"]
[Date "2020.08.11"]
[Round "4.4"]
[White "Haitin, Ilja"]
[Black "Chukavin, Kirill"]
[Result "0-1"]
[ECO "D00"]
[WhiteElo "2357"]
[BlackElo "2348"]
[Annotator "ChessBase"]
[PlyCount "58"]
[EventDate "2020.08.09"]
[EventCountry "EST"]
[SourceTitle "playchess.com"]
[Source "ChessBase"]
[SourceQuality "1"]
[TimeControl "40/5400+30:900+30"]

1. d4 d5 2. Bf4 c5 3. e3 Nc6 4. c3 Bf5 5. Qb3 Qd7 6. Nf3 e6 7. dxc5 Bxc5 8. Ne5 Qc8 9. Nd2 Nf6 10. g4 Nxg4 11. Nxg4 Bxg4 12. Rg1 Bf5 13. e4 dxe4 14. Rxg7 Bg6 15. Nc4 e5 16. Qb5 exf4 17. Qxc5 Qe6 18. O-O-O Qe7 19. Nd6+ Kf8 20. Rxg6 hxg6 21. Bc4 Rh5 22. Qa3 Rd8 23. Nxe4 Rxd1+ 24. Kxd1 Qxa3 25. bxa3 Rxh2 26. Ke2 Ke7 27. Bd5 f5 28. Ng5 Kf6 29. Ne6 Ke5 0-1

[Event "Estonian-ch Open 2020"]
[Site "Paul Kerese Malemaja"]
[Date "2020.08.11"]
[Round "4.5"]
[White "Shishkov, Andrei"]
[Black "Seeman, Tarvo"]
[Result "0-1"]
[ECO "A50"]
[WhiteElo "2390"]
[BlackElo "2415"]
[Annotator "ChessBase"]
[PlyCount "77"]
[EventDate "2020.08.09"]
[EventCountry "EST"]
[SourceTitle "playchess.com"]
[Source "ChessBase"]
[SourceQuality "1"]
[TimeControl "40/5400+30:900+30"]

1. d4 Nf6 2. c4 g6 3. f3 c5 4. d5 Bg7 5. e4 d6 6. Ne2 O-O 7. Nec3 e5 8. g4 h5 9. h3 Nh7 10. Be3 h4 11. Bd3 Bf6 12. Nd2 Bg5 13. Nf1 Na6 14. a3 Bd7 15. Qd2 Qf6 16. Kf2 Rfb8 17. Nb5 Bxb5 18. cxb5 Nc7 19. Bxg5 Nxg5 20. Qe3 a6 21. b6 Nb5 22. Nd2 Nd4 23. Kg2 a5 24. Rhf1 Qf4 25. Qxf4 exf4 26. a4 f6 27. e5 fxe5 28. Bxg6 Kf8 29. Bd3 Ke7 30. Rac1 Kd7 31. Rfe1 Ra6 32. Bxa6 bxa6 33. Nc4 Ngxf3 34. Rf1 Ng5 35. Rc3 Ne4 36. Rd3 Nf6 37. Re1 Nxd5 38. Nxe5+ dxe5 39. Rxe5 0-1

[Event "Estonian-ch Open 2020"]
[Site "Paul Kerese Malemaja"]
[Date "2020.08.12"]
[Round "5.1"]
[White "Seeman, Tarvo"]
[Black "Volodin, Aleksandr"]
[Result "1/2-1/2"]
[ECO "B38"]
[WhiteElo "2415"]
[BlackElo "2497"]
[Annotator "ChessBase"]
[PlyCount "42"]
[EventDate "2020.08.09"]
[EventCountry "EST"]
[SourceTitle "playchess.com"]
[Source "ChessBase"]
[SourceQuality "1"]
[TimeControl "40/5400+30:900+30"]

1. Nf3 c5 2. c4 g6 3. d4 Bg7 4. e4 cxd4 5. Nxd4 Nc6 6. Be3 Nf6 7. Nc3 d6 8. Be2 Bd7 9. Qd2 O-O 10. O-O Nxd4 11. Bxd4 Bc6 12. f3 a5 13. b3 Nd7 14. Be3 Nc5 15. Rab1 Be5 16. Rfd1 e6 17. Qe1 Qf6 18. Rbc1 Rfd8 19. Bf1 Bf4 20. g3 Bxe3+ 21. Qxe3 e5 1/2-1/2

[Event "Estonian-ch Open 2020"]
[Site "Paul Kerese Malemaja"]
[Date "2020.08.12"]
[Round "5.2"]
[White "Chukavin, Kirill"]
[Black "Shishkov, Andrei"]
[Result "1/2-1/2"]
[ECO "B18"]
[WhiteElo "2348"]
[BlackElo "2390"]
[Annotator "ChessBase"]
[PlyCount "65"]
[EventDate "2020.08.09"]
[EventCountry "EST"]
[SourceTitle "playchess.com"]
[Source "ChessBase"]
[SourceQuality "1"]
[TimeControl "40/5400+30:900+30"]

1. e4 c6 2. d4 d5 3. Nc3 dxe4 4. Nxe4 Bf5 5. Ng3 Bg6 6. Nh3 Nd7 7. Nf4 e5 8. Nxg6 hxg6 9. dxe5 Nxe5 10. Qe2 Qe7 11. Bd2 O-O-O 12. O-O-O Nf6 13. Re1 Qd7 14. Ba5 Re8 15. Qd2 Qxd2+ 16. Bxd2 Bc5 17. Ne4 Nxe4 18. Rxe4 f5 19. Re2 Ng4 20. Rxe8+ Rxe8 21. Bc4 Nxf2 22. Re1 Rxe1+ 23. Bxe1 Be3+ 24. Kb1 Ng4 25. h3 Ne5 26. Be6+ Kc7 27. Bc3 Kd6 28. Bc8 b5 29. Bxe5+ Kxe5 30. Bd7 Kd5 31. Be8 g5 32. Bg6 Ke5 33. Be8 1/2-1/2

[Event "Estonian-ch Open 2020"]
[Site "Paul Kerese Malemaja"]
[Date "2020.08.12"]
[Round "5.3"]
[White "Sepp, Olav"]
[Black "Haitin, Ilja"]
[Result "0-1"]
[ECO "A00"]
[WhiteElo "2410"]
[BlackElo "2357"]
[Annotator "ChessBase"]
[PlyCount "112"]
[EventDate "2020.08.09"]
[EventCountry "EST"]
[SourceTitle "playchess.com"]
[Source "ChessBase"]
[SourceQuality "1"]
[TimeControl "40/5400+30:900+30"]

1. g3 Nf6 2. Bg2 g6 3. d4 Bg7 4. Nf3 O-O 5. O-O d6 6. a4 c6 7. a5 Nbd7 8. Nbd2 Qc7 9. e4 e5 10. Re1 exd4 11. Nxd4 Re8 12. N2b3 Ne5 13. h3 a6 14. f4 Nc4 15. Qd3 d5 16. e5 Nd7 17. Nd2 Nc5 18. Qf1 Nxd2 19. Bxd2 Ne4 20. Bxe4 dxe4 21. Rxe4 c5 22. Nb3 Bf5 23. Rc4 Be6 24. Rc3 c4 25. Be3 Bf8 26. Bb6 Qc8 27. Nd4 Bxh3 28. Qxc4 Qd7 29. Qd3 Rac8 30. Kh2 Rxc3 31. bxc3 Bg4 32. Re1 Rc8 33. Re3 Qd5 34. Nb3 Qxd3 35. Rxd3 Bf5 36. Re3 Bxc2 37. Nd4 Ba4 38. e6 fxe6 39. Nxe6 Re8 40. g4 Bd6 41. Kg3 h6 42. Kf2 Bd1 43. g5 h5 44. c4 Kf7 45. Nd8+ Rxd8 46. Bxd8 Bc5 47. Bb6 Bxe3+ 48. Bxe3 Ke6 49. Kg3 Bb3 50. c5 Kd5 51. f5 gxf5 52. g6 Ke4 53. Bc1 Be6 54. Bd2 f4+ 55. Kh4 f3 56. Kg3 Kd3 0-1

[Event "Estonian-ch Open 2020"]
[Site "Paul Kerese Malemaja"]
[Date "2020.08.12"]
[Round "5.4"]
[White "Kiik, Kalle"]
[Black "Vorobjov, Pavel"]
[Result "1-0"]
[ECO "A30"]
[WhiteElo "2386"]
[BlackElo "2269"]
[Annotator "ChessBase"]
[PlyCount "63"]
[EventDate "2020.08.09"]
[EventCountry "EST"]
[SourceTitle "playchess.com"]
[Source "ChessBase"]
[SourceQuality "1"]
[TimeControl "40/5400+30:900+30"]

1. c4 c5 2. Nf3 Nc6 3. b3 Nf6 4. Bb2 e6 5. e3 Be7 6. d4 cxd4 7. exd4 d5 8. Nbd2 O-O 9. Rc1 dxc4 10. bxc4 b6 11. Bd3 Bb7 12. O-O Qd6 13. Re1 Rfd8 14. Bb1 Qf4 15. Qe2 Bb4 16. Red1 Qg4 17. h3 Qh5 18. Nf1 Ne7 19. d5 exd5 20. Bxf6 gxf6 21. Qb2 Bd6 22. Qxf6 Ng6 23. Ng5 Rd7 24. cxd5 Bf4 25. Ne4 Bxc1 26. Rxc1 Qh6 27. Ne3 Qf4 28. g3 Qh6 29. Rd1 Qg7 30. Nf5 Qh8 31. Qg5 Kf8 32. Nf6 1-0

[Event "Estonian-ch Open 2020"]
[Site "Paul Kerese Malemaja"]
[Date "2020.08.12"]
[Round "5.5"]
[White "Kulaots, Kaido"]
[Black "Kanep, Meelis"]
[Result "1/2-1/2"]
[ECO "B76"]
[WhiteElo "2524"]
[BlackElo "2465"]
[Annotator "ChessBase"]
[PlyCount "28"]
[EventDate "2020.08.09"]
[EventCountry "EST"]
[SourceTitle "playchess.com"]
[Source "ChessBase"]
[SourceQuality "1"]
[TimeControl "40/5400+30:900+30"]

1. e4 c5 2. Nf3 d6 3. d4 cxd4 4. Nxd4 Nf6 5. Nc3 g6 6. Be3 Bg7 7. f3 O-O 8. Qd2 Nc6 9. O-O-O d5 10. exd5 Nxd5 11. Nxc6 bxc6 12. Bd4 e5 13. Bc5 Be6 14. Ne4 Re8 1/2-1/2

[Event "Estonian-ch Open 2020"]
[Site "Paul Kerese Malemaja"]
[Date "2020.08.13"]
[Round "6.2"]
[White "Vorobjov, Pavel"]
[Black "Kulaots, Kaido"]
[Result "0-1"]
[ECO "A21"]
[WhiteElo "2269"]
[BlackElo "2524"]
[Annotator "ChessBase"]
[PlyCount "78"]
[EventDate "2020.08.09"]
[EventCountry "EST"]
[SourceTitle "playchess.com"]
[Source "ChessBase"]
[SourceQuality "1"]
[TimeControl "40/5400+30:900+30"]

1. c4 e5 2. Nc3 Bb4 3. Nd5 a5 4. a3 Be7 5. d3 Nf6 6. Nf3 Nxd5 7. cxd5 d6 8. e4 O-O 9. Be2 f5 10. O-O Kh8 11. exf5 Bxf5 12. Be3 a4 13. b4 axb3 14. Qxb3 b6 15. a4 Nd7 16. a5 bxa5 17. Rfc1 Nb6 18. Ra3 a4 19. Qa2 Ra5 20. Bxb6 cxb6 21. Rxa4 Bd7 22. Ra3 Bf6 23. Rb1 Qc7 24. Rxa5 bxa5 25. Nd2 a4 26. Ne4 Rb8 27. g4 Bd8 28. Ra1 Rb4 29. Qa3 Qb6 30. Kg2 Bh4 31. Bd1 h5 32. Ra2 hxg4 33. Rc2 Bf5 34. Qc1 Rb1 35. Qd2 a3 36. Rc6 Qb2 37. Rc2 Qd4 38. f3 gxf3+ 39. Kxf3 Rxd1 0-1

[Event "Estonian-ch Open 2020"]
[Site "Paul Kerese Malemaja"]
[Date "2020.08.13"]
[Round "6.4"]
[White "Shishkov, Andrei"]
[Black "Sepp, Olav"]
[Result "1-0"]
[ECO "E81"]
[WhiteElo "2390"]
[BlackElo "2410"]
[Annotator "ChessBase"]
[PlyCount "47"]
[EventDate "2020.08.09"]
[EventCountry "EST"]
[SourceTitle "playchess.com"]
[Source "ChessBase"]
[SourceQuality "1"]
[TimeControl "40/5400+30:900+30"]

1. d4 Nf6 2. c4 g6 3. Nc3 Bg7 4. e4 d6 5. f3 O-O 6. Be3 a6 7. Qd2 Nbd7 8. Nh3 c5 9. d5 b5 10. cxb5 Qa5 11. a4 Nb6 12. Nf2 Nfd7 13. Bh6 Bxh6 14. Qxh6 Ne5 15. h4 f6 16. Qc1 c4 17. f4 Ned7 18. h5 axb5 19. hxg6 hxg6 20. f5 g5 21. Qd1 Rf7 22. Qh5 Rg7 23. Qh8+ Kf7 24. Ng4 1-0

[Event "Estonian-ch Open 2020"]
[Site "Paul Kerese Malemaja"]
[Date "2020.08.13"]
[Round "6.5"]
[White "Seeman, Tarvo"]
[Black "Chukavin, Kirill"]
[Result "0-1"]
[ECO "A05"]
[WhiteElo "2415"]
[BlackElo "2348"]
[Annotator "ChessBase"]
[PlyCount "88"]
[EventDate "2020.08.09"]
[EventCountry "EST"]
[SourceTitle "playchess.com"]
[Source "ChessBase"]
[SourceQuality "1"]
[TimeControl "40/5400+30:900+30"]

1. Nf3 Nf6 2. g3 d5 3. Bg2 e6 4. c4 Be7 5. d4 O-O 6. Nc3 dxc4 7. Ne5 c5 8. dxc5 Qxd1+ 9. Nxd1 Bxc5 10. Bd2 Nc6 11. Bxc6 bxc6 12. Rc1 Ba6 13. Nxc4 Rac8 14. O-O Rfd8 15. Be3 Bxe3 16. Ndxe3 Nd5 17. Rfd1 Nxe3 18. Rxd8+ Rxd8 19. fxe3 g6 20. Kf2 Rd5 21. b3 Rf5+ 22. Kg2 Rc5 23. Kf3 Kg7 24. Rc2 Kf6 25. Na3 Rxc2 26. Nxc2 c5 27. Kf2 Kf5 28. b4 c4 29. a4 c3 30. b5 Bb7 31. a5 Ke5 32. b6 a6 33. e4 Kxe4 34. g4 g5 35. Ne1 Kd4 36. Nf3+ Kc4 37. Ke3 Kb3 38. Kd3 Kb2 39. Ne1 f5 40. h3 Be4+ 41. Kd4 c2 42. Nxc2 Kxc2 43. Ke5 Kd2 44. Kxe6 f4 0-1

[Event "Estonian-ch Open 2020"]
[Site "Paul Kerese Malemaja"]
[Date "2020.08.14"]
[Round "7.2"]
[White "Sepp, Olav"]
[Black "Seeman, Tarvo"]
[Result "1-0"]
[ECO "A25"]
[WhiteElo "2410"]
[BlackElo "2415"]
[Annotator "ChessBase"]
[PlyCount "73"]
[EventDate "2020.08.09"]
[EventCountry "EST"]
[SourceTitle "playchess.com"]
[Source "ChessBase"]
[SourceQuality "1"]
[TimeControl "40/5400+30:900+30"]

1. c4 e5 2. Nc3 Nc6 3. g3 g6 4. Bg2 Bg7 5. Rb1 a5 6. a3 f5 7. d3 Nf6 8. e3 O-O 9. Nge2 d6 10. O-O g5 11. f4 exf4 12. exf4 g4 13. d4 Ne7 14. d5 c5 15. dxc6 bxc6 16. Be3 Be6 17. b3 Re8 18. Qc2 Qc7 19. Nd4 Bd7 20. Qd3 h5 21. Rfd1 h4 22. Bf2 h3 23. Bh1 d5 24. cxd5 cxd5 25. Ndb5 Bxb5 26. Nxb5 Qd7 27. Nc3 Rad8 28. Bd4 Kh8 29. b4 axb4 30. axb4 Qe6 31. b5 Ne4 32. Bxg7+ Kxg7 33. Qd4+ Kg6 34. Ra1 Kh5 35. Ra6 Qc8 36. Bxe4 dxe4 37. Qg7 1-0

[Event "Estonian-ch Open 2020"]
[Site "Paul Kerese Malemaja"]
[Date "2020.08.14"]
[Round "7.4"]
[White "Kulaots, Kaido"]
[Black "Haitin, Ilja"]
[Result "1-0"]
[ECO "C41"]
[WhiteElo "2524"]
[BlackElo "2357"]
[Annotator "ChessBase"]
[PlyCount "81"]
[EventDate "2020.08.09"]
[EventCountry "EST"]
[SourceTitle "playchess.com"]
[Source "ChessBase"]
[SourceQuality "1"]
[TimeControl "40/5400+30:900+30"]

1. e4 d6 2. d4 Nf6 3. Nc3 e5 4. Nf3 Nbd7 5. Bc4 Be7 6. O-O O-O 7. a4 c6 8. h3 h6 9. Re1 Re8 10. Be3 Qc7 11. d5 Nb6 12. Bb3 cxd5 13. exd5 a6 14. Qd3 Nbd7 15. a5 Bd8 16. Nd2 Nc5 17. Qc4 Nxb3 18. Qxb3 Bf5 19. Bb6 Qd7 20. Nc4 Rb8 21. Rac1 Bxb6 22. Nxb6 Qc7 23. Qb4 Bg6 24. Re3 Nh5 25. Ne2 f5 26. c4 f4 27. Rec3 Qe7 28. c5 dxc5 29. Qxc5 Qg5 30. d6 Rbd8 31. d7 Rf8 32. f3 Nf6 33. Rd1 Ne4 34. Qd5+ Kh7 35. Rc8 Rxd7 36. Qxd7 Bf5 37. Rxf8 Bxd7 38. Nxd7 Ng3 39. Nc3 Nf5 40. Ne4 Qg6 41. Ndf6+ 1-0

[Event "Estonian-ch Open 2020"]
[Site "Paul Kerese Malemaja"]
[Date "2020.08.14"]
[Round "7.5"]
[White "Kanep, Meelis"]
[Black "Vorobjov, Pavel"]
[Result "1/2-1/2"]
[ECO "E63"]
[WhiteElo "2465"]
[BlackElo "2269"]
[Annotator "ChessBase"]
[PlyCount "67"]
[EventDate "2020.08.09"]
[EventCountry "EST"]
[SourceTitle "playchess.com"]
[Source "ChessBase"]
[SourceQuality "1"]
[TimeControl "40/5400+30:900+30"]

1. d4 Nf6 2. c4 g6 3. Nc3 Bg7 4. Nf3 O-O 5. g3 d6 6. Bg2 Nc6 7. O-O a6 8. Bf4 Nh5 9. Be3 e5 10. dxe5 Nxe5 11. Nxe5 Bxe5 12. c5 c6 13. cxd6 Qxd6 14. Qc1 Qb4 15. a3 Qc4 16. Bh6 Re8 17. e4 Nf6 18. h3 a5 19. Rd1 b5 20. Qe3 Be6 21. Bf4 Bxf4 22. Qxf4 Nh5 23. Qe3 b4 24. Ne2 Qb3 25. Qc1 c5 26. Qxc5 Qxb2 27. Nd4 bxa3 28. Nxe6 Rxe6 29. Rxa3 Nf6 30. Rxa5 Rae8 31. Ra4 Qe2 32. Rf1 Nxe4 33. Bxe4 Rxe4 34. Rxe4 1/2-1/2

[Event "Estonian-ch Open 2020"]
[Site "Paul Kerese Malemaja"]
[Date "2020.08.15"]
[Round "8.3"]
[White "Shishkov, Andrei"]
[Black "Kulaots, Kaido"]
[Result "0-1"]
[ECO "E35"]
[WhiteElo "2390"]
[BlackElo "2524"]
[Annotator "ChessBase"]
[PlyCount "56"]
[EventDate "2020.08.09"]
[EventCountry "EST"]
[SourceTitle "playchess.com"]
[Source "ChessBase"]
[SourceQuality "1"]
[TimeControl "40/5400+30:900+30"]

1. d4 Nf6 2. c4 e6 3. Nc3 Bb4 4. Qc2 d5 5. cxd5 exd5 6. Bg5 c5 7. dxc5 h6 8. Bh4 g5 9. Bg3 Ne4 10. e3 Qa5 11. Rc1 Nc6 12. Bd3 Nxg3 13. hxg3 d4 14. exd4 Nxd4 15. Qd1 Bxc5 16. a3 Be7 17. Nge2 Bg4 18. f3 Nxe2 19. Qxe2 Be6 20. Bb5+ Kf8 21. Qe5 Kg8 22. Qe4 Qb6 23. Rc2 Bf6 24. Bc4 Bxc3+ 25. Rxc3 Re8 26. Re3 Kg7 27. Re2 Bxc4 28. Qxc4 Rc8 0-1

[Event "Estonian-ch Open 2020"]
[Site "Paul Kerese Malemaja"]
[Date "2020.08.15"]
[Round "8.5"]
[White "Chukavin, Kirill"]
[Black "Sepp, Olav"]
[Result "0-1"]
[ECO "C58"]
[WhiteElo "2345"]
[BlackElo "2410"]
[Annotator "ChessBase"]
[PlyCount "58"]
[EventDate "2020.08.09"]
[EventCountry "EST"]
[SourceTitle "playchess.com"]
[Source "ChessBase"]
[SourceQuality "1"]
[TimeControl "40/5400+30:900+30"]

1. e4 e5 2. Nf3 Nc6 3. Bc4 Nf6 4. Ng5 d5 5. exd5 Na5 6. Bb5+ c6 7. dxc6 bxc6 8. Qf3 Be7 9. Bd3 h6 10. Ne4 Nd5 11. Ng3 g6 12. O-O h5 13. Re1 Qc7 14. a3 h4 15. Nf1 f5 16. Qd1 Nf4 17. b4 Nb3 18. Bb2 Bf6 19. Ra2 Be6 20. Bc4 Bxc4 21. cxb3 Bd3 22. Qf3 O-O-O 23. Ne3 g5 24. Nc4 g4 25. Qe3 Be4 26. Qxf4 exf4 27. Bxf6 g3 28. f3 gxh2+ 29. Kxh2 h3 0-1

[Event "Estonian-ch Open 2020"]
[Site "Paul Kerese Malemaja"]
[Date "2020.08.16"]
[Round "9.2"]
[White "Kiik, Kalle"]
[Black "Chukavin, Kirill"]
[Result "1/2-1/2"]
[ECO "A13"]
[WhiteElo "2386"]
[BlackElo "2348"]
[Annotator "ChessBase"]
[PlyCount "29"]
[EventDate "2020.08.09"]
[EventCountry "EST"]
[SourceTitle "playchess.com"]
[Source "ChessBase"]
[SourceQuality "1"]
[TimeControl "40/5400+30:900+30"]

1. c4 e6 2. Nf3 d5 3. e3 Nf6 4. b3 c5 5. cxd5 exd5 6. Bb2 Nc6 7. Be2 a6 8. d4 cxd4 9. Nxd4 Bb4+ 10. Bc3 Qa5 11. Qd2 Bxc3 12. Nxc3 Nxd4 13. Qxd4 O-O 14. O-O Be6 15. b4 1/2-1/2

[Event "Estonian-ch Open 2020"]
[Site "Paul Kerese Malemaja"]
[Date "2020.08.16"]
[Round "9.3"]
[White "Kulaots, Kaido"]
[Black "Seeman, Tarvo"]
[Result "1/2-1/2"]
[ECO "B38"]
[WhiteElo "2524"]
[BlackElo "2415"]
[Annotator "ChessBase"]
[PlyCount "31"]
[EventDate "2020.08.09"]
[EventCountry "EST"]
[SourceTitle "playchess.com"]
[Source "ChessBase"]
[SourceQuality "1"]
[TimeControl "40/5400+30:900+30"]

1. e4 c5 2. Nf3 g6 3. d4 cxd4 4. Nxd4 Bg7 5. c4 Nc6 6. Be3 Nf6 7. Nc3 O-O 8. Be2 d6 9. O-O Bd7 10. h3 Nxd4 11. Bxd4 Bc6 12. Qc2 a5 13. Rad1 a4 14. c5 Qa5 15. cxd6 exd6 16. a3 1/2-1/2